AoeStats
← Cre4ted SnIpZz

Arabia

510380198Analyzed
1v1 RM · 3d ago on Sep 30, 2026· 14m 49s· 2 players
Game mode
Random Map
Map size
Tiny (2 player)
Population
200
Speed
Normal
Resources
Standard
Victory
Conquest
Starting age
Dark Age
Ending age
Imperial Age
RankedLock teamsTeams togetherTeam positionsShared explorationLock speedFull tech treeHidden civsTurbo modeCheats
Victory
Defeat
🇩🇪 Spanish · Germany
1432
+14
🇺🇸 Armenians · United States
1397
-14
shh_haw
8:58 Feudal Age
9:08 Loom
9:00 Man-at-Arms
9:48 Double-Bit Axe
10:49 Arson
11:45 Long Swordsman
Cre4ted SnIpZz
7:18 Loom
10:49 Feudal Age
14:44 Castle Age
Connection lost

Rejoining the realm…

Still unreachable

The connection could not be restored.

Session expired

The server has moved on; the page needs a fresh start.